AoeStats
← [CCMP] Lopez

Nomad

509730942Analyzed
3v3 RM · 3d ago on Sep 27, 2026· 47m 41s· 6 players
Game mode
Random Map
Map size
210×210
Population
200
Speed
Normal
Resources
Standard
Victory
Conquest
Starting age
Dark Age
Ending age
Imperial Age
RankedLock teamsTeams togetherTeam positionsShared explorationLock speedFull tech treeHidden civsTurbo modeCheats
Victory
Defeat
🇳🇱 Burgundians · Netherlands
1143
+15
🇧🇷 Persians · Brazil
1125
+16
🇺🇸 Saracens · United States
1076
+18
🇨🇴 Mongols · Colombia
1189
-18
🇮🇪 Huns · Ireland
1153
-18
🇨🇴 Franks · Colombia
1033
-13
Eagles
7:25 Loom
15:46 Feudal Age
21:01 Castle Age
25:57 Fishing Lines
26:48 Husbandry
28:33 Wheelbarrow
28:56 Bloodlines
32:36 Double-Bit Axe
34:08 Bow Saw
33:46 Horse Collar
35:00 Scale Barding Armor
35:05 Forging
41:39 Imperial Age
42:39 Heavy Camel Rider
43:23 Town Watch
43:54 Hand Cart
44:31 Iron Casting
44:17 Chain Barding Armor
45:11 Conscription
45:54 Two-Man Saw
44:57 Heavy Plow
47:06 Blast Furnace
45:30 Elite Mameluke
Feioso
5:37 Loom
13:37 Feudal Age
18:52 Castle Age
18:53 Bloodlines
26:19 Double-Bit Axe
26:45 Scale Barding Armor
27:48 Wheelbarrow
31:03 Fletching
31:31 Gold Mining
33:34 Chain Barding Armor
35:22 Hand Cart
36:44 Forging
38:04 Fishing Lines
40:00 Iron Casting
39:14 Town Watch
40:37 Gold Shaft Mining
41:20 Scale Mail Armor
40:43 Pikeman
43:18 Chain Mail Armor
44:50 Gillnets
Achladi
4:12 Loom
14:39 Feudal Age
13:06 Double-Bit Axe
14:41 Gold Mining
14:40 Fishing Lines
15:26 Gillnets
17:56 Man-at-Arms
21:24 Castle Age
19:47 Bow Saw
21:31 Gold Shaft Mining
21:28 Cavalier
22:08 Husbandry
22:54 Wheelbarrow
23:30 Town Watch
25:01 Horse Collar
30:50 Hand Cart
32:45 Pikeman
33:26 Squires
36:45 Imperial Age
35:00 Forging
34:50 Scale Mail Armor
34:55 Scale Barding Armor
35:38 Town Patrol
37:15 Two-Man Saw
37:01 Paladin
40:07 Stone Mining
41:21 Scale Mail Armor
41:26 Scale Barding Armor
43:40 Arson
46:16 Halberdier
[CCMP] Lopez
4:04 Loom
16:47 Feudal Age
19:26 Wheelbarrow
20:00 Scale Barding Armor
20:05 Forging
22:51 Castle Age
21:01 Scale Mail Armor
21:37 Double-Bit Axe
21:45 Arson
22:52 Town Watch
23:56 Chain Barding Armor
23:54 Squires
24:48 Husbandry
25:36 Iron Casting
25:41 Gold Mining
27:12 Stone Mining
29:56 Gold Shaft Mining
30:02 Man-at-Arms
30:02 Pikeman
31:29 Chain Mail Armor
32:45 Caravan
39:57 Ordonnance Companies
45:43 Imperial Age
44:05 Murder Holes
44:31 Ballistics
44:22 Masonry
47:23 Hoardings
47:10 Conscription
48:11 Plate Barding Armor
48:36 Blast Furnace
48:08 Plate Mail Armor
[CCMP] Caliche
5:09 Loom
12:29 Feudal Age
13:27 Double-Bit Axe
13:24 Horse Collar
22:57 Castle Age
22:12 Fletching
39:11 Murder Holes
43:36 Town Watch
44:52 Padded Archer Armor
46:14 Thumb Ring
[CCMP] Diekrak
5:00 Loom
13:52 Feudal Age
19:19 Castle Age
18:51 Double-Bit Axe
20:26 Bow Saw
21:37 Horse Collar
22:25 Heavy Plow
25:35 Gold Mining
28:05 Gold Shaft Mining
28:41 Scale Barding Armor
28:48 Forging
29:31 Bloodlines
31:08 Husbandry
33:58 Imperial Age
32:25 Chain Barding Armor
33:32 Iron Casting
33:37 Stone Mining
34:08 Cavalier
37:15 Two-Man Saw
37:03 Conscription
40:07 Wheelbarrow
39:19 Town Watch
38:56 Light Cavalry
39:56 Hussar
41:57 Paladin
44:22 Marauders
43:43 Elite Tarkan
Connection lost

Rejoining the realm…

Still unreachable

The connection could not be restored.

Session expired

The server has moved on; the page needs a fresh start.